 Dungeon Crawl Stone Soup version 0.30-a0-920-g7493c07aab (webtiles) character file.

Game seed: 6297333971975182019

249 Newt the Shooter (level 6, -4/39 (40) HPs)
             Began as a Kobold Hunter on Mar 21, 2023.
             Slain by Crazy Yiuf
             ... wielding a +3 quarterstaff of chaos
              (12 damage)
             ... on level 2 of the Dungeon.
             The game lasted 00:01:03 (1514 turns).

Newt the Shooter (Kobold Hunter)                    Turns: 1514, Time: 00:01:04

HP:   -4/39 (40)    AC:  7    Str:  9    XL:     6   Next: 35%
MP:   6/6           EV: 15    Int: 10    God:
Gold: 111           SH:  0    Dex: 26    Spells: 5/5 levels left

rFire   . . .      SeeInvis .    a - +0 shortbow
rCold   . . .      Faith    .    (shield currently unavailable)
rNeg    . . .      Spirit   .    c - +0 leather armour
rPois   .          Reflect  .    (no helmet)
rElec   .          Rampage  .    (no cloak)
rCorr   .                        (no gloves)
Will    .....                    (no boots)
Stlth   +++                      (no amulet)
HPRegen 0.26/turn                m - +4 ring of protection
MPRegen 0.10/turn                i - +6 ring of dexterity

@: lightly drained
A: small, no large weapons, nightstalker 3
a: no special abilities


You were on level 2 of the Dungeon.
You visited 1 branch of the dungeon, and saw 2 of its levels.

You collected 111 gold pieces.

Inventory:

Hand Weapons
 a - a +0 shortbow (weapon)
Missiles
 b - a throwing net
Armour
 c - a +0 leather armour (worn)
Jewellery
 i - a +6 ring of dexterity (right hand)
 j - a +6 ring of intelligence
 m - a +4 ring of protection (left hand)
Scrolls
 d - 3 scrolls of identify {unknown}
 e - a scroll of poison {unknown}
 k - a scroll of blinking {unknown}
 n - a scroll of amnesia {unknown}
Potions
 f - a potion of degeneration {unknown}
 g - 2 potions of curing {unknown}
 h - 2 potions of lignification {unknown}
 l - a potion of cancellation {unknown}


   Skills:
 - Level 5.0 Fighting
 + Level 7.7 Ranged Weapons
 - Level 2.4 Dodging
 - Level 1.3 Stealth


You had 5 spell levels left.
You didn't know any spells.
Your spell library contained the following spells:

 Spells                   Type           Power      Damage    Failure   Level
 Cigotuvi's Dreadful Rot  Necr/Pois/Air  0%         N/A       63%         2
 Poisonous Vapours        Pois/Air       0%         N/A       63%         2
 Mephitic Cloud           Conj/Pois/Air  0%         N/A       85%         3


Dungeon Overview and Level Annotations

Branches:
Dungeon (2/15)

Altars:

Annotations:
D:2 Crazy Yiuf


Innate Abilities, Weirdness & Mutations

You are small and have problems with some larger weapons.
You are completely attuned to the shadows.


Message History

A frilled lizard is nearby!
You shoot an arrow. The arrow hits the frilled lizard!
You kill the frilled lizard!
No target in view!
No target in view!
Found a dagger.
There is an escape hatch in the floor here.
There is an open door here.
There is an open door here.
Could not explore, unopened runed door.
No reachable target in view!
No reachable target in view!
Unknown command.
You open the door. You shoot an arrow. The arrow hits Crazy Yiuf!
Crazy Yiuf is severely wounded.
You shoot an arrow.
The arrow hits Crazy Yiuf but does no damage.
Crazy Yiuf is severely wounded.
You shoot an arrow. The arrow barely misses Crazy Yiuf.
Crazy Yiuf barely misses you.
You shoot an arrow. The arrow closely misses Crazy Yiuf.
Crazy Yiuf barely misses you.
You shoot an arrow. The arrow barely misses Crazy Yiuf.
Crazy Yiuf misses you.
You shoot an arrow. The arrow closely misses Crazy Yiuf.
Crazy Yiuf misses you.
You shoot an arrow. The arrow barely misses Crazy Yiuf.
Crazy Yiuf hits you with a +3 quarterstaff of chaos!
Crazy Yiuf freezes you.
You shoot an arrow. The arrow hits Crazy Yiuf.
Crazy Yiuf is severely wounded.
Crazy Yiuf misses you.
You shoot an arrow. The arrow closely misses Crazy Yiuf.
Crazy Yiuf barely misses you.
You shoot an arrow. The arrow barely misses Crazy Yiuf.
Crazy Yiuf hits you with a +3 quarterstaff of chaos!
* * * LOW HITPOINT WARNING * * *
You feel drained.
* * * LOW HITPOINT WARNING * * *
Crazy Yiuf hits you with a +3 quarterstaff of chaos!
You die...

#####. ##. #..
#.. #[. ###♣♣♣♣♣
#.. ##.#..♣.♣♣♣
## ###### #.#
##......♣..♣#...
#....# #..
#......♣♣♣♣@g...
#.##.#####
#...#.♣♣ ♣♣#..)
#.##..####
#..##♣♣ ##
#........# ##.#
##....♣.†# #.#
##.#.♣_♣.. #.#
### ###.....♣..#
#.###.#
#####.##.#.....#
#.....#
#.....##.##....#
#####.#
#.....##.......#


You could see Crazy Yiuf.

Vanquished Creatures
  Sigmund (D:2)
  Natasha (twice) (D:2)
  An adder (D:2)
  A worm (D:2)
  2 dart slugs (D:1)
  4 ball pythons
  3 endoplasms (D:1)
  2 giant cockroaches (D:2)
  3 goblins
  4 hobgoblins
  3 kobolds (D:2)
  2 quokkas
  2 bats
  A frilled lizard (D:2)
  4 rats
35 creatures vanquished.

Notes
Turn   | Place    | Note
-------+----------+-------------------------------------------
     0 | D:1      | Newt the Kobold Hunter began the quest for the Orb.
     0 | D:1      | Reached XP level 1. HP: 12/12 MP: 1/1
    61 | D:1      | Reached XP level 2. HP: 18/18 MP: 2/2
   484 | D:2      | Noticed Sigmund
   489 | D:2      | Killed Sigmund
   490 | D:2      | Reached skill level 5 in Fighting
   490 | D:2      | Reached skill level 6 in Ranged Weapons
   490 | D:2      | Reached XP level 3. HP: 18/26 MP: 3/3
   490 | D:2      | Reached XP level 4. HP: 21/31 MP: 4/4
   490 | D:2      | Reached XP level 5. HP: 24/35 MP: 5/5
   870 | D:2      | Reached skill level 7 in Ranged Weapons
   965 | D:2      | Reached XP level 6. HP: 40/40 MP: 6/6
   977 | D:2      | Noticed Natasha
   982 | D:2      | Killed Natasha
  1123 | D:2      | Noticed Natasha
  1129 | D:2      | Killed Natasha
  1312 | D:2      | Found a runed translucent door.
  1315 | D:2      | Noticed Crazy Yiuf
  1363 | D:2      | Found a faded altar of an unknown god.
  1514 | D:2      | Slain by Crazy Yiuf

Illustrated notes

Levels and vault maps discovered:
D:1:      lightli_molten_gateway, layout_rooms
D:2:      layout_loops_cross, chequers_ecumenical_altar_simple,
          minmay_misc_feat_doors, uniq_crazy_yiuf_cottage, uniq_natasha,
          uniq_sigmund

Skill      XL: |  1  2  3  4  5 |
---------------+----------------+-----
Fighting       | 5 |  5.0
Ranged Weapons | 6 7 |  7.7
Dodging        | |  2.4
Stealth        | |  1.3

Action                     |  1- 3 |  4- 6 || total
---------------------------+-------+-------++-------
   Fire: Shortbow          |    36 |    62 ||    98
    Use: Scroll            |     1 |       ||     1
 Armour: Leather armour    |     2 |     4 ||     6
  Dodge: Dodged            |    19 |    14 ||    33

Table legend: (Time is in decaauts)
 A = Elapsed time spent in this place.
 B = Non-inter-level travel time spent in this place.
 C = Inter-level travel time spent in this place.
 D = Time resting spent in this place.
 E = Time spent auto-exploring this place.
 F = Levels seen in this place.
 G = Mean time per level.
                   A        B        C        D        E       F      G
               +--------+--------+--------+--------+--------+-----+--------+
         Total |   1538 |   1502 |     36 |    236 |   1073 |   2 |  769.0 |
       Dungeon |   1538 |   1502 |     36 |    236 |   1073 |   2 |  769.0 |
               +--------+--------+--------+--------+--------+-----+--------+

Top non-repeatable levels by time:
     D:2: 1055 daAuts
     D:1: 483 daAuts
